Workbook

Sheet Histórico SMMLV
A2: SALARIO MÍNIMO
A3: AÑO | B3: SALARIO
A4: 1950 | B4: 60
A5: 1951 | B5: 60
A6: 1952 | B6: 60
A7: 1953 | B7: 60
A8: 1954 | B8: 60
A9: 1955 | B9: 60
A10: 1956 | B10: 135
A11: 1957 | B11: 155
A12: 1958 | B12: 155
A13: 1959 | B13: 155
A14: 1960 | B14: 198
A15: 1961 | B15: 198
... A78: 2024 | B78: 1300000
A79: 2025
A80: 2026
A81: 2027

Sheet CONSOLIDADO REQ HABILITANTES
E2: PROCESO:
E3: OBJETO: | G3: “RECOLECCIÓN DE RESIDUOS APROVECHABLES NO PELIGROSOS, EN LAS INSTALACIONES DE LA JURISDICCIÓN ESPECIAL PARA LA PAZ, INCLUYENDO RECOLECCIÓN, CLASIFICACIÓN, TRANSPORTE, ALMACENAMIENTO Y APROVECHAMIENTO”.
E5: FECHA: | G5: 29 DE JULIO DE 2024
B6: PRESUPUESTO OFICIAL: | G6: =+E6/'Histórico SMMLV'!B78 -> 0
B9: EVALUACION TECNICA | N9: 3. CRITERIOS DIFERENCIALES | U9: TOTAL PUNTAJE | V9: OBSERVACIONES FINALES
B11: N° PROPUESTA | C11: NOMBRE OFERENTE | D11: CAPACIDAD TÉCNICA | F11: EXPERIENCIA ESPECIFICA | I11: PRESENTACION | K11: CUMPLE / NO CUMPLE | L11: OBSERVACIONES INICIALES | M11: SUBSANACION DE OBSERVACIONES | N11: Experiencia Adicional del Cooperante (Adicional a la mínima requerida | O11: PUNTAJE (60 PTOS) | P11: TOTAL PUNTOS | Q11: Talleres de sensibilización en manejo de residuos | R11: APOYO A LA INDUSTRIA NACIONAL. - FORMATO RPBN NUMERAL 5.3 DE LAS REGLAS DE LA INVITACIÓN PUBLICA. | S11: PUNTAJE MAXÍMO (40 PTOS) | T11: TOTAL PUNTOS
D12: CLASIFICACION RUP (Codigos) | E12: CUMPLE / NO CUMPLE | F12: TIEMPO TOTAL DE EJECUCION DE CONTRATO | G12: TIEMPO OFRECIDO DE CAPACITACIÓN (HORAS) | H12: ACPTADA/NO ACEPTA | I12: DOCUMENTO FIRMADO (aceptación y cumplimiento de las especificaciones plasmadas en la ficha técnica de los bienes a suministrar y su compromiso de cumplimiento de las condiciones técnicas y de personal establecidas en el FORMATO 01, carta de presentacíon | J12: ACPTADA/NO ACEPTA
B13: 1 | C13: ASOCIACIÓN DE RECUPERADORES AMBIENTALES NUEVO AMBIENTE | D13: 45111500 Y 56101700 | E13: CUMPLE | F13: =+'EXP. ESPECIFICA 1 '!K13 -> 0 | G13: 0 | H13: NO ACEPTADA | I13: ALLEGÓ | J13: NO ACEPTADA | K13: RECHAZADA | L13: El cooperante allegó la carta de la presentación de la propuesta así como, certificados de experiencia, estos ultimos no cumplen con los requisitos establecidos en el numeral 7.2 del documento justificativo | M13: NO SUBSANA | N13: NO ALLEGÓ | P13: =O13 -> 0 | Q13: ALLEGÓ | R13: ALLEGÓ | S13: 0 | T13: =+S13 -> 0 | U13: =+T13+P13 -> 0 | V13: Al no allegar las certificaciones faltantes, se rechaza al cooperante.
B14: =+'EXP. ESPECIFICA 2 '!A13 -> 2 | C14: ASOCIACION AMBIENTAL CICLO ALTERNATIVO | D14: 45111500 Y 56101700 | E14: CUMPLE | F14: =+'EXP. ESPECIFICA 2 '!K13 -> 1666 | G14: =8*24 -> 192 | H14: ACEPTADO | I14: ALLEGÓ | J14: CUMPLE | K14: CUMPLE | L14: El cooperante allegó los certificados de experiencia en recolección, transporte, disposición y manejo de residuos aprovechables | M14: SIN OBSERVACIONES | N14: ALLEGÓ | O14: =+(F14*$O$15)/$F$15 -> 14.51641 | P14: =O14 -> 14.51641 | Q14: ALLEGÓ | R14: NO ALLEGÓ | S14: =+(G14*$S$16)/$G$16 -> 38.4 | T14: =+S14 -> 38.4 | U14: =+P14+T14 -> 52.91641 | V14: En la propuesta técnica, en el ítem 1.6 JORNADAS DE SENSIBILIZACIÓN, la empresa recicladora dirige las jornadas de sensibilización a colegios distritales. Se recomienda corregir la propuesta para la evaluación, sin embargo se tiene en cuenta el tiempo presentado en ella y se evalúa en este formato.
B15: 3 | C15: ASOCIACION DE RECICLADORES PUERTA DE ORO BOGOTA | F15: =+'EXP. ESPECIFICA 3'!K13 -> 6886 | G15: 65 | H15: ACEPTADO | I15: ALLEGÓ | J15: CUMPLE | K15: CUMPLE | L15: SIN OBSERVACIONES | M15: PROPONENTE SUBSANA. * ANEXA FORMATO N° 5, CON SUS CORRESPONDIENTES CERTIFICACIONES Y SOPORTES, LAS CUALES CUMPLEN CON EL OBJETO. * ANEXA CARTA DE ACEPTACIÓN ESPECIFICACIONES Y COMPROMISO CALIDAD. | N15: ALLEGÓ | O15: 60 | P15: =O15 -> 60 | Q15: ALLEGÓ | R15: NO ALLEGÓ | S15: =+(G15*$S$16)/$G$16 -> 13 | T15: =+S15 -> 13 | U15: =+P15+T15 -> 73 | V15: El cooperante hizo llegar gran parte de los certificados de los contratos, sin embargo hay contratos que no presentan este certificado de acuerdo con el numeral 7.2 del documento justificativo, por lo tanto esta experiencia no se tiene en cuenta para la evaluación. Se recomienda solicitar corrección de estos contratos o anexar el certificado correspondiente
B16: 4 | C16: CORPORACION CENTRO HISTORICO | F16: =+'EXP. ESPECIFICA 4'!K13 -> 3947 | G16: 200 | H16: ACEPTADO | I16: ALLEGÓ | J16: CUMPLE | K16: CUMPLE | L16: SIN OBSERVACIONES | M16: SIN OBSERVACIONES | N16: ALLEGÓ | O16: =+(F16*$O$15)/$F$15 -> 34.391519 | P16: =O16 -> 34.391519 | Q16: ALLEGÓ | R16: NO ALLEGÓ | S16: 40 | T16: =+S16 -> 40 | U16: =+P16+T16 -> 74.391519 | V16: El cooperante hace llegar los contratos mas no los certificados de acuerdo con lo solicitado en el numeral 7.2 del documento justificativo, por lo tanto el tiempo de experiencia de estos contratos no se tiene en cuenta para la evaluación de la experiencia. Se recomienda corregir la oferta anexando estos los certificados faltantes.
B17: 5 | C17: ASOCIACION DE RECICLADORES CRECER SIN FRONTERAS -ARCRECIFRONT | F17: ='EXP. ESPECIFICA 5'!K13 -> 6377 | G17: 3 | H17: ACEPTADO | I17: ALLEGÓ | J17: CUMPLE | K17: CUMPLE | L17: SIN OBSERVACIONES | M17: SIN OBSERVACIONES | N17: ALLEGÓ | O17: =+(F17*$O$15)/$F$15 -> 55.564914 | P17: =O17 -> 55.564914 | Q17: ALLEGÓ | R17: NO ALLEGÓ | S17: =+(G17*$S$16)/$G$16 -> 0.6 | T17: =+S17 -> 0.6 | U17: =+P17+T17 -> 56.164914 | V17: El coorperante allega y aclara los certificados de los convenios y contratos aumentando el tiempo de experiencia, sin embargo, los contratos del IPES, Jardin Botánico, Ministerios de justicia y de derecho, Ministeriode Energía, entre otros, no son validos debido a la falta de un certificado de acuerdo a lo solicitado en el numeral 7.2
C28: OSCAR ORLANDO TORRES LUQUE
C29: EVALUADOR TÉCNICO

Sheet EXP. ESPECIFICA 1 
D2: PROCESO:
D3: OBJETO: | F3: =+'CONSOLIDADO REQ HABILITANTES'!G3 -> “RECOLECCIÓN DE RESIDUOS APROVECHABLES NO PELIGROSOS, EN LAS INSTALACIONES DE LA JURISDICCIÓN ESPECIAL PARA LA PAZ, INCLUYENDO RECOLECCIÓN, CLASIFICACIÓN, TRANSPORTE, ALMACENAMIENTO Y APROVECHAMIENTO”.
D5: FECHA: | F5: =+'CONSOLIDADO REQ HABILITANTES'!G5 -> 29 DE JULIO DE 2024
A6: PRESUPUESTO OFICIAL: | D6: =+'EXP. ESPECIFICA 2 '!D6 -> NA | F6: =D6/'Histórico SMMLV'!B78 -> #VALUE!
A9: EVALUACION EXPERIENCIA ESPECIFICA
A11: N° PROPUESTA | B11: NOMBRE OFERENTE | C11: EXPERIENCIA ESPECIFICA | M11: OBSERVACIONES
C12: CONTRATO N° | D12: RUP PAGINA | E12: EMPRESA CONTRATANTE | F12: EMPRESA CONTRATISTA | G12: OBJETO DEL CONTRATO (Convenio de corresponsabilidad) | H12: FECHA INICIO | I12: FECHA TERMINACIÓN | J12: TIEMPO DE EJECUCION DEL CONTRATO (DÍAS | K12: VALOR TOTAL CONTRATOS | L12: CUMPLE/ NO CUMPLE
A13: 1 | B13: =+'CONSOLIDADO REQ HABILITANTES'!C13 -> ASOCIACIÓN DE RECUPERADORES AMBIENTALES NUEVO AMBIENTE | E13: Colegio LEON DE GREIFF (IED) | F13: =B13 -> ASOCIACIÓN DE RECUPERADORES AMBIENTALES NUEVO AMBIENTE | G13: NO | H13: 44979 | I13: 44979 | J13: 0 | K13: =SUM(J13:J15) -> 0 | L13: NO CUMPLE | M13: Si bien el cooperante envía certificados de sensibilización, así como experiencia en recolección de residuos y/o elementos dados de baja, las certificaciones no cumplen con los parámetros exigidos para la certificación del numeral 7.2 del documento, ya que no hace posible contabilizar el tiempo de ejecución o experiencia , por lo tanto se recomienda corregir la oferta, presentando las certificaciones de acuerdo al documento justificativo.
E14: Colegio LEON DE GREIFF (IED) | F14: =B13 -> ASOCIACIÓN DE RECUPERADORES AMBIENTALES NUEVO AMBIENTE | G14: NO | H14: 44969 | I14: 44969 | J14: 0 | L14: NO CUMPLE
E15: Subsecretaría de acceso y permanencia dirección de dotaciones escolares | F15: =B13 -> ASOCIACIÓN DE RECUPERADORES AMBIENTALES NUEVO AMBIENTE | G15: NO | H15: 44979 | I15: 44979 | J15: 0 | L15: NO CUMPLE

Sheet EXP. ESPECIFICA 2 
D2: PROCESO: | F2: JEP-IPI-002-2024
D3: OBJETO: | F3: =+'CONSOLIDADO REQ HABILITANTES'!G3 -> “RECOLECCIÓN DE RESIDUOS APROVECHABLES NO PELIGROSOS, EN LAS INSTALACIONES DE LA JURISDICCIÓN ESPECIAL PARA LA PAZ, INCLUYENDO RECOLECCIÓN, CLASIFICACIÓN, TRANSPORTE, ALMACENAMIENTO Y APROVECHAMIENTO”.
D5: FECHA: | F5: =+'CONSOLIDADO REQ HABILITANTES'!G5 -> 29 DE JULIO DE 2024
A6: PRESUPUESTO OFICIAL: | D6: NA | F6: NA
A9: EVALUACION EXPERIENCIA ESPECIFICA
A11: N° PROPUESTA | B11: NOMBRE OFERENTE | C11: EXPERIENCIA ESPECIFICA | M11: OBSERVACIONES
C12: CONTRATO N° | D12: RUP PAGINA | E12: EMPRESA CONTRATANTE | F12: EMPRESA CONTRATISTA | G12: OBJETO DEL CONTRATO (Convenio de corresponsabilidad) | H12: FECHA INICIO | I12: FECHA TERMINACIÓN | J12: TIEMPO DE EJECUCION DEL CONTRATO (DÍAS) | K12: TIEMPO TOTAL | L12: CUMPLE/ NO CUMPLE
A13: 2 | B13: =+'CONSOLIDADO REQ HABILITANTES'!C14 -> ASOCIACION AMBIENTAL CICLO ALTERNATIVO | E13: ORTHODENTAL BOGOTA SAS | F13: =+B13 -> ASOCIACION AMBIENTAL CICLO ALTERNATIVO | G13: SI | H13: 44158 | I13: 45498 | J13: =+I13-H13 -> 1340 | K13: =SUM(J13:J15) -> 1666 | L13: CUMPLE
E14: Nacional de Electricos HH ltda | F14: =+B13 -> ASOCIACION AMBIENTAL CICLO ALTERNATIVO | G14: SI | H14: 45244 | I14: 45498 | J14: =+I14-H14 -> 254 | L14: CUMPLE
E15: Colegio Kimi Pernia Dominico (IED) | F15: =+B13 -> ASOCIACION AMBIENTAL CICLO ALTERNATIVO | G15: SI | H15: 45426 | I15: 45498 | J15: =+I15-H15 -> 72 | L15: CUMPLE

Sheet EXP. ESPECIFICA 3
D2: PROCESO: | F2: JEP-IPI-002-2024
D3: OBJETO: | F3: =+'CONSOLIDADO REQ HABILITANTES'!G3 -> “RECOLECCIÓN DE RESIDUOS APROVECHABLES NO PELIGROSOS, EN LAS INSTALACIONES DE LA JURISDICCIÓN ESPECIAL PARA LA PAZ, INCLUYENDO RECOLECCIÓN, CLASIFICACIÓN, TRANSPORTE, ALMACENAMIENTO Y APROVECHAMIENTO”.
D5: FECHA: | F5: =+'CONSOLIDADO REQ HABILITANTES'!G5 -> 29 DE JULIO DE 2024
A6: PRESUPUESTO OFICIAL: | D6: NA | F6: NA
A9: EVALUACION EXPERIENCIA ESPECIFICA
A11: N° PROPUESTA | B11: NOMBRE OFERENTE | C11: EXPERIENCIA ESPECIFICA | M11: OBSERVACIONES
C12: CONTRATO N° | D12: RUP PAGINA | E12: EMPRESA CONTRATANTE | F12: EMPRESA CONTRATISTA | G12: OBJETO DEL CONTRATO (Convenio de corresponsabilidad) | H12: FECHA INICIO | I12: FECHA TERMINACIÓN | J12: TIEMPO DE EJECUCION DEL CONTRATO (DÍAS) | K12: TIEMPO TOTAL | L12: CUMPLE/ NO CUMPLE
A13: 3 | B13: =+'CONSOLIDADO REQ HABILITANTES'!C15 -> ASOCIACION DE RECICLADORES PUERTA DE ORO BOGOTA | C13: 150 | E13: U.A.E. CUERPO OFICIAL DE BOMBEROS DE BOGOTA | F13: =+B13 -> ASOCIACION DE RECICLADORES PUERTA DE ORO BOGOTA | G13: SI | H13: 43187 | I13: 43918 | J13: =+I13-H13 -> 731 | K13: =SUM(J13:J25) -> 6886 | L13: CUMPLE
C14: CO1.PCCNTR.2706312 | E14: DEPARTAMENTO ADMINISTRATIVO NACIONAL DE ESTADISTICA DANE | F14: =+B13 -> ASOCIACION DE RECICLADORES PUERTA DE ORO BOGOTA | G14: SI | H14: 44407 | I14: 44561 | J14: =+I14-H14 -> 154 | L14: CUMPLE
C15: C435 | E15: UNION TEMPORAL RED CULTURAL 2022 Y PROYECTAMOS COLOMBIA SAS | F15: =+B13 -> ASOCIACION DE RECICLADORES PUERTA DE ORO BOGOTA | G15: SI | H15: 44926 | I15: No especifica | J15: 0 | L15: NO CUMPLE | M15: Este convenio no cumple con las especificaciones, ya que no determina fecha de terminación.
C16: 212 | E16: secretaria distrital de desarrollo economico | F16: =+B13 -> ASOCIACION DE RECICLADORES PUERTA DE ORO BOGOTA | G16: SI | H16: 42652 | I16: 43515 | J16: =+I16-H16 -> 863 | L16: CUMPLE
C17: N° 42 DE 2018 | E17: CONSEJO PROFESIONAL NACIONAL DE ARQUITECTURA Y SUS PROFESIONES AUXILIARES | F17: =+B13 -> ASOCIACION DE RECICLADORES PUERTA DE ORO BOGOTA | G17: SI | H17: 43343 | I17: 44740 | J17: =+I17-H17 -> 1397 | L17: CUMPLE
C18: 11007722021 | E18: INSTITUTO COLOMBIANO DE BIENESTAR FAMILIAR | F18: =+B13 -> ASOCIACION DE RECICLADORES PUERTA DE ORO BOGOTA | G18: SI | H18: 44375 | I18: 44561 | J18: =+I18-H18 -> 186 | L18: CUMPLE
C19: 112 DE 2021 | E19: MINISTERIO DE DEFENSA NACIONAL - COMANDO GENERAL DE LAS FUERZAS MILITARES | F19: =+B13 -> ASOCIACION DE RECICLADORES PUERTA DE ORO BOGOTA | G19: SI | H19: 44317 | I19: 44561 | J19: 0 | L19: NO CUMPLE | M19: No presenta el certificado corrrespondiente, solo presenta el contrato
C20: 1566 DE 2021 | E20: SUPERINTENDENCIA DE INDUSTRIAL Y COMERCIO | F20: =+B13 -> ASOCIACION DE RECICLADORES PUERTA DE ORO BOGOTA | G20: SI | H20: 44379 | I20: 45266 | J20: =+I20-H20 -> 887 | L20: CUMPLE
C21: 0,18 DE 2015 | E21: ORQUESTA FILARMONICA DE BOGOTA | F21: =+B13 -> ASOCIACION DE RECICLADORES PUERTA DE ORO BOGOTA | G21: SI | H21: 42347 | I21: 44285 | J21: =+I21-H21 -> 1938 | L21: CUMPLE
C22: 250 DE 2022 | E22: MINISTERIO DE DEFENSA NACIONAL | F22: =+B13 -> ASOCIACION DE RECICLADORES PUERTA DE ORO BOGOTA | G22: SI | H22: 44686 | I22: 44921 | J22: 0 | L22: NO CUMPLE | M22: El certificado no presenta fecha de terminación
E23: INSTITUTO TECNICO CENTRAL | F23: =+B13 -> ASOCIACION DE RECICLADORES PUERTA DE ORO BOGOTA | G23: SI | H23: 44335 | I23: 45065 | J23: =+I23-H23 -> 730 | L23: CUMPLE
C24: 389 DE 2022 | E24: MINISTERIO DE DEFENS NACIONAL | F24: =+B13 -> ASOCIACION DE RECICLADORES PUERTA DE ORO BOGOTA | G24: SI | H24: 44910 | I24: 45280 | J24: 0 | L24: NO CUMPLE | M24: El certificado no presenta fecha de terminación
C25: 160010 DE 2016 | E25: ALCALDIA MAYOR DE BOGOTA | F25: =+B13 -> ASOCIACION DE RECICLADORES PUERTA DE ORO BOGOTA | G25: SI | H25: 42720 | I25: 43602 | J25: 0 | L25: NO CUMPLE | M25: No presenta el certificado corrrespondiente

Sheet EXP. ESPECIFICA 4
D2: PROCESO: | F2: JEP-IPI-002-2024
D3: OBJETO: | F3: =+'CONSOLIDADO REQ HABILITANTES'!G3 -> “RECOLECCIÓN DE RESIDUOS APROVECHABLES NO PELIGROSOS, EN LAS INSTALACIONES DE LA JURISDICCIÓN ESPECIAL PARA LA PAZ, INCLUYENDO RECOLECCIÓN, CLASIFICACIÓN, TRANSPORTE, ALMACENAMIENTO Y APROVECHAMIENTO”.
D5: FECHA: | F5: =+'CONSOLIDADO REQ HABILITANTES'!G5 -> 29 DE JULIO DE 2024
A6: PRESUPUESTO OFICIAL: | D6: NA | F6: NA
A9: EVALUACION EXPERIENCIA ESPECIFICA
A11: N° PROPUESTA | B11: NOMBRE OFERENTE | C11: EXPERIENCIA ESPECIFICA | M11: OBSERVACIONES
C12: CONTRATO N° | D12: RUP PAGINA | E12: EMPRESA CONTRATANTE | F12: EMPRESA CONTRATISTA | G12: OBJETO DEL CONTRATO (Convenio de corresponsabilidad) | H12: FECHA INICIO | I12: FECHA TERMINACIÓN | J12: TIEMPO DE EJECUCION DEL CONTRATO (DÍAS) | K12: TIEMPO TOTAL | L12: CUMPLE/ NO CUMPLE
A13: 4 | B13: =+'CONSOLIDADO REQ HABILITANTES'!C16 -> CORPORACION CENTRO HISTORICO | C13: 01 | E13: ARCHIVO GENERAL DE LA NACION | F13: =+B13 -> CORPORACION CENTRO HISTORICO | G13: SI | H13: 43763 | I13: 44494 | J13: =+I13-H13 -> 731 | K13: =SUM(J13:J20) -> 3947 | L13: CUMPLE
C14: 121 DE 2022 | E14: INSTITUTO PARA LA INVESTIGACIÓN EDUCATIVA Y EL DESARROLLO PEDAGÓGICO – IDEP | F14: =+B13 -> CORPORACION CENTRO HISTORICO | G14: SI | H14: 44839 | I14: 45498 | J14: =+I14-H14 -> 659 | L14: CUMPLE
E15: FONDO NACIONAL DE ESTUPEFACIENTES | F15: =+B13 -> CORPORACION CENTRO HISTORICO | G15: SI | H15: 42047 | I15: 44604 | J15: =+I15-H15 -> 2557 | L15: CUMPLE
E16: COLEGIO JAIME PARDO LEAL | F16: =+B13 -> CORPORACION CENTRO HISTORICO | G16: SI | H16: 42137 | I16: 44694 | J16: 0 | L16: NO CUMPLE | M16: Presenta el contrato de convenio mas no el certificado de ejecución
E17: ESCUELA NACIONAL DE COMERCIO | F17: =+B13 -> CORPORACION CENTRO HISTORICO | G17: SI | H17: 44312 | I17: 44677 | J17: 0 | L17: NO CUMPLE | M17: Presenta el contrato de convenio mas no el certificado de ejecución
E18: CREDICORP CAPITAL COLOMBIA | F18: =+B13 -> CORPORACION CENTRO HISTORICO | G18: SI | H18: 42797 | I18: 43162 | J18: 0 | L18: NO CUMPLE | M18: Presenta el contrato de convenio mas no el certificado de ejecución
E19: MINISTERIO DEL INTERIOR | F19: =+B13 -> CORPORACION CENTRO HISTORICO | G19: SI | H19: 44476 | I19: 45206 | J19: 0 | L19: NO CUMPLE | M19: Presenta el contrato de convenio mas no el certificado de ejecución
C20: 323 de 2020 | E20: DEPARTAMENTO ADMINISTRATIVO PARA LA PROSPERIDAD SOCIAL | F20: =+B13 -> CORPORACION CENTRO HISTORICO | G20: SI | H20: 43956 | I20: 44686 | J20: 0 | L20: NO CUMPLE | M20: este convenio no cumple con las especificaciones ya que no determina terminación o si en la actualidad esta activo

Sheet EXP. ESPECIFICA 5
D2: PROCESO: | F2: JEP-IPI-002-2024
D3: OBJETO: | F3: =+'CONSOLIDADO REQ HABILITANTES'!G3 -> “RECOLECCIÓN DE RESIDUOS APROVECHABLES NO PELIGROSOS, EN LAS INSTALACIONES DE LA JURISDICCIÓN ESPECIAL PARA LA PAZ, INCLUYENDO RECOLECCIÓN, CLASIFICACIÓN, TRANSPORTE, ALMACENAMIENTO Y APROVECHAMIENTO”.
D5: FECHA: | F5: =+'CONSOLIDADO REQ HABILITANTES'!G5 -> 29 DE JULIO DE 2024
A6: PRESUPUESTO OFICIAL: | D6: NA | F6: NA
A9: EVALUACION EXPERIENCIA ESPECIFICA
A11: N° PROPUESTA | B11: NOMBRE OFERENTE | C11: EXPERIENCIA ESPECIFICA | M11: OBSERVACIONES
C12: CONTRATO N° | D12: RUP PAGINA | E12: EMPRESA CONTRATANTE | F12: EMPRESA CONTRATISTA | G12: OBJETO DEL CONTRATO (Convenio de corresponsabilidad) | H12: FECHA INICIO | I12: FECHA TERMINACIÓN | J12: TIEMPO DE EJECUCION DEL CONTRATO (DÍAS) | K12: TIEMPO TOTAL | L12: CUMPLE/ NO CUMPLE
A13: 5 | B13: =+'CONSOLIDADO REQ HABILITANTES'!C17 -> ASOCIACION DE RECICLADORES CRECER SIN FRONTERAS -ARCRECIFRONT | C13: 217 DE 2020 | E13: HOSPITAL MILITAR CENTRAL | F13: =+B13 -> ASOCIACION DE RECICLADORES CRECER SIN FRONTERAS -ARCRECIFRONT | G13: SI | H13: 44124 | I13: 44742 | J13: =+I13-H13 -> 618 | K13: =SUM(J13:J25) -> 6377 | L13: CUMPLE
C14: 121 DE 2022 | E14: MINISTERIO DE HACIENDA Y CRÉDITO PUBLICO | F14: =+B13 -> ASOCIACION DE RECICLADORES CRECER SIN FRONTERAS -ARCRECIFRONT | G14: SI | H14: 43656 | I14: 44751 | J14: =+I14-H14 -> 1095 | L14: CUMPLE
C15: 364 DE 2019 | E15: UNIDAD DE MANTENIMIENTO VIAL | F15: =+B13 -> ASOCIACION DE RECICLADORES CRECER SIN FRONTERAS -ARCRECIFRONT | G15: SI | H15: 43566 | I15: 43931 | J15: =+I15-H15 -> 365 | L15: CUMPLE | M15: El certificado no determina fecha de terminación, por lo tanto no se tendrá en cuenta en el tiempo de ejecución del contrato
E16: ALCALDIA LOCAL DE SANCRISTOBAL | F16: =+B13 -> ASOCIACION DE RECICLADORES CRECER SIN FRONTERAS -ARCRECIFRONT | G16: SI | H16: 42412 | I16: 43143 | J16: =+I16-H16 -> 731 | L16: CUMPLE
C17: CO1.PCCNTR.1454598 del 20 de marzo de 2020 | E17: DEPARTAMENTO ADMINISTRATIVO NACIONAL DE ESTADÌSTICA DANE | F17: =+B13 -> ASOCIACION DE RECICLADORES CRECER SIN FRONTERAS -ARCRECIFRONT | G17: SI | H17: 43945 | I17: 44196 | J17: =+I17-H17 -> 251 | L17: CUMPLE
C18: 0055 DE 2020 | E18: UNIDAD DE RESTITUCIÓN DE TIERRAS | F18: =+B13 -> ASOCIACION DE RECICLADORES CRECER SIN FRONTERAS -ARCRECIFRONT | G18: SI | H18: 43837 | I18: 44357 | J18: =+I18-H18 -> 520 | L18: CUMPLE
C19: 171 DE 2019 | E19: VEEDURIA DISTRITAL | F19: =+B13 -> ASOCIACION DE RECICLADORES CRECER SIN FRONTERAS -ARCRECIFRONT | G19: SI | H19: 43682 | I19: 44412 | J19: =+I19-H19 -> 730 | L19: CUMPLE
C20: 232 DE 2017 | E20: VEEDURIA DISTRITAL | F20: =+B13 -> ASOCIACION DE RECICLADORES CRECER SIN FRONTERAS -ARCRECIFRONT | G20: SI | H20: 43061 | I20: 43681 | J20: =+I20-H20 -> 620 | L20: CUMPLE
C21: CO1.PCCNTR.655375 del 22 de noviembre de 2018 | E21: DEPARTAMENTO ADMINISTRATIVO NACIONAL DE ESTADÌSTICA DANE | F21: =+B13 -> ASOCIACION DE RECICLADORES CRECER SIN FRONTERAS -ARCRECIFRONT | G21: SI | H21: 43426 | I21: 43830 | J21: =+I21-H21 -> 404 | L21: CUMPLE
C22: 061 DE 2020 | E22: COMANDO GENERAL DE LAS FUERZAS MILITARES | F22: =+B13 -> ASOCIACION DE RECICLADORES CRECER SIN FRONTERAS -ARCRECIFRONT | G22: SI | H22: 43922 | I22: 44196 | J22: =+I22-H22 -> 274 | L22: CUMPLE
E23: DIRECCION DLOCAL DE EDUCACION DE SAN CRISTOBAL | F23: =+B13 -> ASOCIACION DE RECICLADORES CRECER SIN FRONTERAS -ARCRECIFRONT | G23: SI | H23: 43447 | I23: 43812 | J23: =+I23-H23 -> 365 | L23: CUMPLE
C24: 1062 DE 2018 | E24: DEPARTAMENTO ADMINISTRATIVO NACIONAL DE ESTADÌSTICA DANE | F24: =+B13 -> ASOCIACION DE RECICLADORES CRECER SIN FRONTERAS -ARCRECIFRONT | G24: SI | H24: 43426 | I24: 43646 | J24: =+I24-H24 -> 220 | L24: CUMPLE
C25: 012 DE 2018 | E25: SI INGENIERIA SAS | F25: =+B13 -> ASOCIACION DE RECICLADORES CRECER SIN FRONTERAS -ARCRECIFRONT | G25: SI | H25: 42918 | I25: 43102 | J25: =+I25-H25 -> 184 | L25: CUMPLE
